 Dungeon Crawl Stone Soup version 0.26-a0-58-g79b31b8662 (webtiles) character file.

Game seed: 15009059307822615721

205612 Ozzies the Slayer (level 18, -2/136 HPs)
             Began as a Gargoyle Fighter on June 8, 2020.
             Was the Champion of Okawaru.
             Killed from afar by a deep elf annihilator (6 damage)
             ... with a poison arrow
             ... on level 3 of the Elven Halls.
             The game lasted 02:01:25 (37276 turns).

Ozzies the Slayer (Gargoyle Fighter)               Turns: 37276, Time: 02:01:26

Health: -2/136     AC: 42    Str: 27    XL:     18   Next: 69%
Magic:  2/8        EV:  8    Int: 12    God:    Okawaru [******]
Gold:   807        SH: 28    Dex:  5    Spells: 17/17 levels left

rFire    + + .     SeeInvis .   F - +8 whip of Breach {antimagic, rF+ MR+ Int+2 Dex-4}
rCold    . . .     Gourm    .   C - +2 tower shield
rNeg     + . .     Faith    .   I - +1 plate armour {MR+}
rPois    ∞         Spirit   .   R - +2 helmet
rElec    +         Reflect  +   Z - +2 cloak {rCorr}
rCorr    +         Harm     .   b - +2 pair of gloves
MR       +++..                  u - +1 pair of boots {Fly}
Stlth    ..........             z - amulet of reflection
HPRegen  0.32/turn              w - +4 ring of slaying
MPRegen  0.11/turn              J - ring of protection from fire

@: mighty, about to teleport, heroism, finesse, studying Armour
A: big wings, deformed body, negative energy resistance 1, electricity
resistance, unbreathing, petrification resistance, rot immunity, subdued magic
1, AC +13
}: 1/15 runes: serpentine
a: Fly, Heroism, Finesse, Renounce Religion, Evoke Flight


You were on level 3 of the Elven Halls.
You worshipped Okawaru.
Okawaru was exalted by your worship.
You were not hungry.

You visited 7 branches of the dungeon, and saw 29 of its levels.

You collected 2872 gold pieces.
You spent 2065 gold pieces at shops.

Inventory:

Hand Weapons
 j - a +6 demon whip
 p - a +0 morningstar of holy wrath
 F - the +8 whip of Breach (weapon) {antimagic, rF+ MR+ Int+2 Dex-4}
   (You found it on level 4 of the Snake Pit)

   It reduces the magical energy of the wielder, and disrupts the spells and
   magical abilities of those hit.
   Natural abilities and divine invocations are not affected.
   It affects your intelligence (+2).
   It affects your dexterity (-4).
   It protects you from fire.
   It affects your resistance to hostile enchantments.
 P - a +2 morningstar of protection
 X - a +1 morningstar of holy wrath
Armour
 b - a +2 pair of gloves (worn)
 l - a +0 helmet of intelligence
 r - a +2 hat of see invisible
 u - a +1 pair of boots of flying (worn)
 v - the +10 plate armour "Waunag" {+Blink rC+ Dex-2}
   (You found it on level 4 of the Dungeon)

   It affects your dexterity (-2).
   It protects you from cold.
   It lets you blink.
 y - the +0 pair of gloves of Minor Irritation {Int+4 Stlth+}
   (You found it on level 2 of the Snake Pit)

   It affects your intelligence (+4).
   It makes you more stealthy.
 C - a +2 tower shield (worn)
 E - the +1 robe of a bazaar {+Inv MR+++ Dex-5}
   (Okawaru gifted it to you on level 2 of the Snake Pit)

   It affects your dexterity (-5).
   It affects your resistance to hostile enchantments.
   It lets you turn invisible.
 I - a +1 plate armour of magic resistance (worn)
 R - a +2 helmet (worn)
 Z - a +2 cloak of preservation (worn)
Jewellery
 a - an uncursed ring of fire
 m - a cursed -4 ring of intelligence {unknown}
 w - a +4 ring of slaying (left hand)
 z - an amulet of reflection (around neck)
 J - a ring of protection from fire (right hand)
Wands
 D - a wand of paralysis (21)
 H - a wand of random effects (20)
 O - a wand of iceblast (22)
 Q - a wand of polymorph (23)
 S - a wand of enslavement (11)
 T - a wand of acid (6)
 W - a wand of disintegration (8)
Scrolls
 g - 3 scrolls of magic mapping
 i - 6 scrolls of enchant armour
 k - 2 scrolls of fear
 n - 7 scrolls of teleportation
 s - 9 scrolls of remove curse
 x - 12 scrolls of identify
 B - 3 scrolls of fog
Potions
 c - a potion of cancellation
 d - 3 potions of might
 e - 5 potions of lignification
 h - 5 potions of curing
 o - 2 potions of stabbing
 q - 2 potions of resistance
 A - 4 potions of magic
 M - a potion of ambrosia
 N - 2 potions of haste
 U - a potion of mutation
Books
 Y - a manual of Armour {1}
Comestibles
 f - 31 rations


   Skills:
 + Level 23.1(27) Fighting
 - Level 16.0(21.0) Maces & Flails
 - Level 14.0(19.0) Armour
 - Level 12.0(17.0) Shields
 - Level 10.0 Invocations


You had 17 spell levels left.
You didn't know any spells.
Your spell library contained the following spells:

 Spells                   Type           Power        Failure   Level  Hunger
 Apportation              Tloc           #.....       99%         1    ##.....
 Corona                   Hex            #......      99%         1    ##.....
 Magic Dart               Conj           #...         99%         1    ##.....
 Sandblast                Erth           #.....       99%         1    ##.....
 Shock                    Conj/Air       #...         99%         1    ##.....
 Sting                    Tmut/Pois      #...         99%         1    ##.....
 Summon Butterflies       Summ           #.......     99%         1    ##.....
 Blink                    Tloc           N/A          100%        2    ###....
 Call Imp                 Summ           #.......     100%        2    ###....
 Ensorcelled Hibernation  Hex/Ice        #.....       100%        2    ###....
 Passwall                 Tmut/Erth      #.......     100%        2    ###....
 Searing Ray              Conj           #.....       100%        2    ###....
 Slow                     Hex            #.......     100%        2    ###....
 Swiftness                Chrm/Air       #.......     100%        2    ###....
 Confusing Touch          Hex            #.......     100%        3    ####...
 Conjure Flame            Conj/Fire      #.......     100%        3    ####...
 Dazzling Flash           Conj/Hex       #.....       100%        3    ####...
 Lesser Beckoning         Tloc           #.........   100%        3    ####...
 Mephitic Cloud           Conj/Pois/Air  #.......     100%        3    ####...
 Static Discharge         Conj/Air       #.......     100%        3    ####...
 Stone Arrow              Conj/Erth      #.....       100%        3    ####...
 Tukima's Dance           Hex            #.......     100%        3    ####...
 Airstrike                Air            #.........   100%        4    #####..
 Fulminant Prism          Conj/Hex       #.........   100%        4    #####..
 Iskenderun's Mystic Bla  Conj/Tloc      #.......     100%        4    #####..
 Petrify                  Tmut/Erth      #.......     100%        4    #####..
 Alistair's Intoxication  Tmut/Pois      #.......     100%        5    ######.
 Lee's Rapid Deconstruct  Erth           #.........   100%        5    ######.
 Lightning Bolt           Conj/Air       #.........   100%        5    ######.
 Invisibility             Hex            #.......     100%        6    #######


Dungeon Overview and Level Annotations

Branches:
Dungeon (12/15)            Temple (1/1) D:4            Lair (6/6) D:10
  Swamp (1/4) Lair:2        Snake (4/4) Lair:4        Slime (0/5) Lair:5
    Orc (2/2) D:11            Elf (3/3) Orc:2

Altars:
Ashenzari
Cheibriados
Dithmenos
Elyvilon
Fedhas
Gozag
Hepliaklqana
Kikubaaqudgha
Makhleb
Nemelex Xobeh
Okawaru
Qazlal
Ru
Sif Muna
Trog
Uskayaw
Vehumet
Wu Jian
Xom
Yredelemnul
Zin
The Shining One
Jiyva

Shops:
D:6 (:   D:10 [   D:11 !   Orc:2 (:[*   Elf:3 (   Snake:1 }=}   Snake:3 [}
Snake:4 *

Annotations:
D:10 2 transporters
Lair:1 3 runed translucent doors, Ofiy's ghost, journeyman OpAs
Elf:1 1 runed translucent door, Ozzies's ghost, journeyman MiFi


Innate Abilities, Weirdness & Mutations

You are resistant to torment.
Your stone body is resilient. (AC +13)
You are immune to poison.
Your large and strong wings let you fly indefinitely.
You resist negative energy. (rN+)
You are resistant to electric shocks. (rElec)
You can survive without breathing.
You are immune to petrification.
You are immune to rotting.
Armour fits poorly on your strangely shaped body.
Your spells are a little easier to cast, but a little less powerful.


Message History

The deep elf elementalist's magic leaks into the air.
The deep elf elementalist is moderately wounded.
The deep elf mage gestures wildly while chanting.
The deep elf mage conjures a globe of magical energy!
A battlesphere comes into view.
You barely miss the deep elf elementalist.
The deep elf elementalist is moderately wounded.
You whack the deep elf elementalist!
The deep elf elementalist's magic leaks into the air.
The deep elf elementalist is severely wounded.
You block the deep elf elementalist's attack.
The deep elf master archer shoots an arrow.
The arrow hits you!
* * * LOW HITPOINT WARNING * * *
The earth elemental hits you but does no damage.
As you read the scroll of teleportation, it crumbles to dust.
You feel strangely unstable.
The deep elf annihilator casts a spell at you.
The poison arrow hits you. You partially resist.
You die...

.......## ### #...#
......## #.# ##...#
.....## #.# ######....#
..#.## ##.# #...##....#
...#.## #..###'#..e)).##
..###.####..#.'∩'.§*...#
(..............'.§.e..##
(.########..#EEE§§.#..#
..# #..#.Ee@..#### ).#
##.#.EEe§§# ..######
#.#.E.E(.# ........
..#.<#####
.#.########....##
(...............#
.###.######<#.. .# ##.##
#.#.. .# ##.####.##


You could see a deep elf master archer, a deep elf annihilator, a deep elf
elementalist (fast, repels missiles), 8 earth elementals, a deep elf mage and a
battlesphere.

Vanquished Creatures
  Saint Roka (Snake:4)
  Nikola (Elf:1)
  Jorgrun (D:12)
  A deep elf blademaster (Elf:3)
  Frances (Elf:1)
  Agnes (Elf:1)
  A thorn hunter (Swamp:1)
  7 nagarajas
  A deep elf sorcerer (Elf:3)
  An orc warlord (Orc:2)
  3 deep elf elementalists (Elf:3)
  A deep elf demonologist (Elf:2)
  3 dire elephants (Lair:6)
  A deep elf high priest (Elf:1)
  Fannar (Orc:1)
  11 naga warriors
  12 hydras
  A shambling mangrove (Swamp:1)
  13 anacondas
  5 alligators
  3 two-headed ogres
  21 dancing weapons
  A tengu warrior (D:11)
  5 orc high priests
  5 naga sharpshooters
  8 shock serpents
  Nergalle (Lair:4)
  A spriggan (Lair:2)
  15 deep elf knights
  A salamander mystic (Snake:3)
  An unseen horror (D:12)
  12 sea snakes
  8 naga ritualists
  6 deep elf archers
  Pikel (D:7)
  4 orc knights (Orc:2)
  5 orc sorcerers
  2 ugly things (D:12)
  14 salamanders
  6 mana vipers
  33 deep elf magi
  7 elephants
  A centaur zombie (D:12)
  42 black mambas
  10 guardian serpents
  14 spiny frogs
  15 naga magi
  A gargoyle (D:10)
  4 komodo dragons
  A rime drake (Lair:5)
  A tengu conjurer (D:11)
  A polar bear (Lair:2)
  2 tyrant leeches (Swamp:1)
  4 trolls
  3 hornets (Lair:2)
  7 dream sheep (Lair:5)
  17 blink frogs
  7 slime creatures
  9 hippogriffs
  25 yaks
  A shadow (D:12)
  3 air elementals
  3 wyverns
  2 water elementals
  2 fire elementals (Elf:2)
  3 humans
  A wraith (D:12)
  4 hogs (D:10)
  3 vampire mosquitoes
  3 basilisks
  2 wargs
  Edmund (D:4)
  8 insubstantial wisps
  4 swamp worms
  49 nagas
  10 water moccasins
  12 porcupines
  2 swamp drakes (Lair:4)
  33 orc warriors
  2 sky beasts
  A black bear (D:8)
  2 ice beasts
  A necrophage (D:9)
  9 ogres
  2 phantoms
  5 wolves (Lair:6)
  8 centaurs
  A big kobold (D:6)
  8 crocodiles
  15 bullfrogs
  2 earth elementals
  3 scorpions
  9 wights
  6 howler monkeys
  14 crimson imps
  A quasit (D:8)
  2 jellies
  17 orc priests
  25 orc wizards
  3 bullfrog skeletons
  A bullfrog zombie (D:11)
  A hound (D:8)
  4 centaur skeletons
  2 iguanas
  12 worker ants
  A hound zombie (D:11)
  A hound skeleton (D:5)
  A mummy (D:7)
  A worker ant zombie (D:8)
  12 gnolls
  2 howler monkey skeletons
  16 adders
  2 shadow imps
  An ooze (D:5)
  An adder zombie (D:7)
  2 adder skeletons
  3 worms (D:2)
  4 dart slugs
  3 leopard geckos
  97 orcs
  8 bats
  6 giant cockroaches
  6 goblins
  16 hobgoblins
  7 jackals
  4 quokkas
  2 ball pythons (D:4)
  9 frilled lizards
  A jackal zombie (D:7)
  11 kobolds
  A leopard gecko skeleton (D:7)
  A quokka skeleton (D:5)
  6 rats
  5 plants
923 creatures vanquished.

Vanquished Creatures (collateral kills)
  A komodo dragon (Lair:1)
  A crocodile (Lair:1)
2 creatures vanquished.

Vanquished Creatures (others)
  A deep elf knight (Elf:2)
  A hell knight (Elf:1)
  A vampire mosquito (D:11)
  A quasit (D:11)
  A fungus (Lair:3)
  3 plants
  2 withered plants (Elf:1)
10 creatures vanquished.

Grand Total: 935 creatures vanquished

Notes
Turn   | Place    | Note
-------+----------+-------------------------------------------
     0 | D:1      | Ozzies the Gargoyle Fighter began the quest for the Orb.
     0 | D:1      | Reached XP level 1. HP: 14/14 MP: 1/1
   158 | D:1      | Reached XP level 2. HP: 18/19 MP: 2/2
   377 | D:1      | Reached skill level 4 in Fighting
   428 | D:1      | Reached XP level 3. HP: 23/24 MP: 3/3
  1144 | D:2      | Reached skill level 5 in Fighting
  1144 | D:2      | Reached XP level 4. HP: 31/31 MP: 4/4
  1923 | D:3      | Reached XP level 5. HP: 34/36 MP: 5/5
  1982 | D:3      | Reached skill level 6 in Fighting
  2338 | D:3      | Reached skill level 7 in Fighting
  2338 | D:3      | Reached XP level 6. HP: 24/44 MP: 6/6
  3000 | D:4      | Found a staircase to the Ecumenical Temple.
  3004 | Temple   | Entered the Ecumenical Temple
  3302 | D:4      | Noticed Edmund
  3313 | D:4      | Reached XP level 7. HP: 37/48 MP: 7/7
  3325 | D:4      | Killed Edmund
  3333 | D:4      | Reached skill level 8 in Fighting
  3630 | D:4      | Found a shattered altar of Ashenzari.
  3677 | D:4      | Found a shadowy altar of Dithmenos.
  3753 | D:4      | Got an encrusted plate armour
  3763 | D:4      | Identified the +10 plate armour "Waunag" {+Blink rC+ Dex-2}
                  | (You found it on level 4 of the Dungeon)
  3795 | D:5      | Entered Level 5 of the Dungeon
  3832 | D:5      | Reached XP level 8. HP: 56/56 MP: 8/8
  3928 | D:5      | Reached skill level 9 in Fighting
  4129 | D:5      | Found a burning altar of Makhleb.
  4130 | D:5      | Found a sacrificial altar of Ru.
  4131 | D:5      | Found a sparkling altar of Nemelex Xobeh.
  4976 | D:6      | Found an opulent altar of Gozag.
  5085 | D:6      | Reached skill level 10 in Fighting
  5096 | D:6      | Reached skill level 5 in Maces & Flails
  5347 | D:6      | Found a stormy altar of Qazlal.
  5348 | D:6      | Found a hide-covered altar of Uskayaw.
  5363 | D:6      | Found Edeps's Book Shoppe.
  5476 | D:6      | Found Miklucwu's Antique Weapon Emporium.
  6161 | D:7      | Found an iron altar of Okawaru.
  6195 | D:7      | Reached skill level 5 in Shields
  6195 | D:7      | Reached XP level 9. HP: 60/62 MP: 9/9
  6197 | D:7      | Became a worshipper of Warmaster Okawaru
  6550 | D:7      | Reached * piety under Okawaru
  6655 | D:7      | Noticed Pikel
  6673 | D:7      | Killed Pikel
  6967 | D:7      | Found an ancient bone altar of Kikubaaqudgha.
  7221 | D:8      | Reached ** piety under Okawaru
  7227 | D:8      | Reached XP level 10. HP: 68/68 MP: 10/10
  7231 | D:8      | Found a blossoming altar of Fedhas.
  7342 | D:8      | Reached skill level 5 in Armour
  7384 | D:8      | Found a shimmering altar of Xom.
  7384 | D:8      | Noticed a six-headed hydra
  7395 | D:8      | Killed a six-headed hydra
  7395 | D:8      | Reached skill level 11 in Fighting
  7802 | D:9      | Found a hazy altar of Hepliaklqana.
  8113 | D:9      | Noticed a two-headed ogre
  8121 | D:9      | Killed a two-headed ogre
  8121 | D:9      | Reached *** piety under Okawaru
  8554 | D:9      | Found a shimmering blue altar of Sif Muna.
  8653 | D:10     | Entered Level 10 of the Dungeon
  8653 | D:10     | Found a transporter.
  8653 | D:10     | Noticed a fire giant
  8657 | D:10     | Noticed a centaur warrior
  8681 | D:10     | Found a staircase to the Lair.
  8698 | D:10     | Noticed a stone giant
  8715 | D:10     | Found a transporter.
  8885 | D:10     | Reached skill level 12 in Fighting
  8943 | D:10     | Noticed a gargoyle
  8969 | D:10     | Killed a gargoyle
  8969 | D:10     | Reached **** piety under Okawaru
  9102 | D:10     | Reached XP level 11. HP: 76/76 MP: 11/11
  9115 | D:10     | Reached skill level 1 in Invocations
  9238 | D:10     | Found Esou's Antique Armour Boutique.
  9249 | D:10     | Bought a runed helmet for 240 gold pieces
  9674 | D:11     | Found a staircase to the Orcish Mines.
  9954 | D:11     | Found Jotunloj's Distillery.
  9991 | D:11     | Reached ***** piety under Okawaru
 10287 | D:11     | Noticed a tengu warrior
 10314 | D:11     | Killed a tengu warrior
 10872 | D:12     | Reached skill level 13 in Fighting
 11075 | D:12     | Killed an unseen horror
 11075 | D:12     | Received a gift from Okawaru
 11351 | D:12     | Noticed a purple ugly thing
 11364 | D:12     | Killed a purple ugly thing
 11380 | D:12     | Noticed Jorgrun
 11412 | D:12     | Killed Jorgrun
 11412 | D:12     | Received a gift from Okawaru
 11412 | D:12     | Reached skill level 10 in Shields
 11412 | D:12     | Reached XP level 12. HP: 49/84 MP: 15/15
 11656 | D:12     | Reached skill level 5 in Invocations
 11751 | D:12     | Reached skill level 14 in Fighting
 11767 | D:12     | Reached skill level 10 in Maces & Flails
 12036 | D:12     | Noticed a two-headed ogre
 12051 | D:12     | Killed a two-headed ogre
 12440 | Lair:1   | Entered Level 1 of the Lair of Beasts
 12479 | Lair:1   | Noticed an eight-headed hydra
 12493 | Lair:1   | Killed an eight-headed hydra
 12991 | Lair:1   | Found a runed translucent gate.
 12991 | Lair:1   | Found a runed translucent gate.
 12991 | Lair:1   | Found a runed translucent gate.
 12991 | Lair:1   | Noticed a nine-headed hydra
 12991 | Lair:1   | Noticed Ofiy's ghost (journeyman OpAs)
 12992 | Lair:1   | Noticed a ten-headed hydra
 13157 | Lair:1   | Reached ****** piety under Okawaru
 13160 | Lair:1   | Reached XP level 13. HP: 91/91 MP: 17/17
 13981 | Lair:2   | Found a staircase to the Swamp.
 14016 | Lair:2   | Received a gift from Okawaru
 15488 | Lair:3   | Reached skill level 15 in Fighting
 15801 | Lair:4   | Noticed Nergalle
 15821 | Lair:4   | Killed Nergalle
 16033 | Lair:4   | Found a staircase to the Snake Pit.
 16278 | Lair:4   | Got a heavily runed granite ring
 16526 | Lair:4   | Reached skill level 10 in Armour
 16930 | Lair:5   | Received a gift from Okawaru
 16938 | Lair:5   | Gained mutation: Your large and strong wings let you fly
                  | indefinitely. [Gargoyle growth]
 16938 | Lair:5   | Reached XP level 14. HP: 84/98 MP: 19/19
 17227 | Lair:5   | Received a gift from Okawaru
 17396 | Lair:5   | Got a pair of heavily runed boots {god gift}
 17406 | Lair:5   | Identified the +2 pair of boots "Norruemp" {+Inv rElec
                  | rPois Str-5} (Okawaru gifted it to you on level 5 of the
                  | Lair of Beasts)
 17733 | Lair:5   | Found a viscous altar of Jiyva.
 17733 | Lair:5   | Found a staircase to the Slime Pits.
 17894 | Lair:5   | Identified the ring of Jiveyxi {*Tele rPois rN+ MR-} (You
                  | found it on level 4 of the Lair of Beasts)
 17916 | Lair:6   | Entered Level 6 of the Lair of Beasts
 18195 | Lair:6   | Reached skill level 16 in Fighting
 19712 | Lair:6   | Noticed a dire elephant
 19712 | Lair:6   | Noticed a dire elephant
 19713 | Lair:6   | Found the +5 scythe "Finisher" {speed, eviscerate}
 19740 | Lair:6   | Killed a dire elephant
 19757 | Lair:6   | Noticed a dire elephant
 19760 | Lair:6   | Killed a dire elephant
 19772 | Lair:6   | Killed a dire elephant
 20091 | Orc:1    | Entered Level 1 of the Orcish Mines
 20403 | Orc:1    | Noticed Fannar
 20427 | Orc:1    | Killed Fannar
 20427 | Orc:1    | Received a gift from Okawaru
 20589 | Orc:2    | Entered Level 2 of the Orcish Mines
 20767 | Orc:1    | Found a shimmering blue altar of Sif Muna.
 20788 | Orc:1    | Identified Sif Muna's Almanac of Venom
 20793 | Orc:2    | Found a staircase to the Elven Halls.
 21273 | Orc:2    | Paralysed by an orc sorcerer for 6 turns
 21295 | Orc:2    | Paralysed by an orc sorcerer for 6 turns
 21300 | Orc:2    | Gained mutation: Armour fits poorly on your strangely
                  | shaped body. [a neqoxec]
 21351 | Orc:2    | Noticed an orc warlord
 21380 | Orc:2    | Killed an orc warlord
 22043 | Orc:2    | Reached XP level 15. HP: 64/105 MP: 14/20
 22803 | Orc:2    | Found Xanidd Wich's General Store.
 22804 | Orc:2    | Found Maguxuel's Book Shop.
 22805 | Orc:2    | Found Desipic's Antique Armour Shop.
 22805 | Orc:2    | Found Hiucicoh's Antique Weapon Boutique.
 23214 | Orc:2    | Bought a pair of embroidered gloves for 195 gold pieces
 23214 | Orc:2    | Bought an embroidered cloak for 195 gold pieces
 23226 | Orc:2    | Bought a manual of Armour for 1435 gold pieces
 23668 | Swamp:1  | Entered Level 1 of the Swamp
 24898 | Swamp:1  | Noticed a thorn hunter
 24924 | Swamp:1  | Killed a thorn hunter
 24924 | Swamp:1  | Received a gift from Okawaru
 24924 | Swamp:1  | Reached skill level 17 in Fighting
 25577 | Snake:1  | Entered Level 1 of the Snake Pit
 26672 | Snake:1  | Found Faatobb's Gadget Shoppe.
 26672 | Snake:1  | Found Risot's Jewellery Shop.
 26673 | Snake:1  | Found Vaut's Gadget Shoppe.
 27137 | Snake:2  | Received a gift from Okawaru
 27295 | Snake:2  | Got a shimmering robe {god gift}
 27305 | Snake:2  | Identified the +1 robe of a bazaar {+Inv MR+++ Dex-5}
                  | (Okawaru gifted it to you on level 2 of the Snake Pit)
 27567 | Snake:2  | Reached XP level 16. HP: 114/114 MP: 23/23
 27987 | Snake:1  | Reached skill level 15 in Maces & Flails
 28276 | Snake:2  | Reached skill level 18 in Fighting
 28429 | Snake:2  | Got a pair of ichor-stained gloves
 28439 | Snake:2  | Identified the cursed +0 pair of gloves of Minor Irritation
                  | {Int+4 Stlth+} (You found it on level 2 of the Snake Pit)
 28473 | Snake:2  | Reached skill level 10 in Invocations
 29490 | Snake:3  | Found Obena's Armour Shop.
 29494 | Snake:3  | Found Ekaar's Gadget Boutique.
 30010 | Snake:4  | Entered Level 4 of the Snake Pit
 30026 | Snake:4  | Got a smoking whip
 30338 | Snake:4  | Noticed Saint Roka
 31039 | Snake:4  | Killed Saint Roka
 31039 | Snake:4  | Received a gift from Okawaru
 31376 | Snake:4  | Noticed a nagaraja
 31376 | Snake:4  | Noticed a nagaraja
 31479 | Snake:3  | Killed a nagaraja
 31495 | Snake:3  | Received a gift from Okawaru
 31521 | Snake:4  | Killed a nagaraja
 31550 | Snake:4  | Reached skill level 19 in Fighting
 31550 | Snake:4  | Reached XP level 17. HP: 85/122 MP: 22/24
 31835 | Snake:4  | Found Ragaem's Assorted Antiques.
 32254 | Snake:4  | Reached skill level 20 in Fighting
 32596 | Snake:4  | Received a gift from Okawaru
 32661 | Snake:4  | Got a serpentine rune of Zot
 33084 | Elf:1    | Entered Level 1 of the Elven Halls
 33114 | Elf:1    | Noticed Agnes
 33130 | Elf:1    | Killed Agnes
 33237 | Elf:1    | Found a runed translucent door.
 33237 | Elf:1    | Noticed Ozzies's ghost (journeyman MiFi)
 33331 | Elf:1    | Noticed Nikola
 33342 | Elf:1    | Noticed Frances
 33363 | Elf:1    | Killed Nikola
 33363 | Elf:1    | Reached skill level 21 in Fighting
 33378 | Elf:1    | Killed Frances
 34225 | Elf:1    | Received a gift from Okawaru
 34743 | Elf:2    | Gained mutation: Your spells are a little easier to cast,
                  | but a little less powerful. [a neqoxec]
 34745 | Elf:2    | Reached XP level 18. HP: 130/132 MP: 25/25
 34941 | Elf:2    | Found a huge runed translucent gate.
 34941 | Elf:2    | Found a huge runed translucent gate.
 34941 | Elf:2    | Found a huge runed translucent gate.
 34944 | Elf:2    | Found a huge runed translucent gate.
 34948 | Elf:2    | Found a huge runed translucent gate.
 35446 | Elf:2    | Reached skill level 22 in Fighting
 35790 | Elf:2    | Received a gift from Okawaru
 36105 | Elf:2    | Identified the +8 whip of Breach {antimagic, rF+ MR+ Int+2
                  | Dex-4} (You found it on level 4 of the Snake Pit)
 36447 | Elf:3    | Entered Level 3 of the Elven Halls
 36875 | Elf:3    | Received a gift from Okawaru
 37175 | Elf:3    | Found Beasygit's Weapon Shoppe.
 37219 | Elf:3    | Reached skill level 23 in Fighting
 37221 | Elf:3    | Noticed a deep elf blademaster
 37235 | Elf:3    | Noticed a deep elf master archer
 37266 | Elf:3    | Killed a deep elf blademaster
 37275 | Elf:3    | HP: 4/136 [deep elf master archer/arrow (11)]
 37276 | Elf:3    | Killed from afar by a deep elf annihilator

Illustrated notes

Levels and vault maps discovered:
D:1:      lordsloth_arrival_two_stooges, layout_basic
D:2:      layout_loops_ring, first_ration, minmay_worlds_worst_comb
D:3:      layout_loops_ring
D:4:      layout_rooms, kennysheep_mini, ashenzari_conservatory_becter,
          minmay_temple_entry_glassed_door, uniq_edmund
D:5:      layout_cave_pods, chequers_temple_overflow_statue_of_worship,
          serial_glass, glass_columns_a, glass_columns_a, glass_columns_b,
          glass_columns_a
D:6:      layout_loops_corners, kennysheep_mini_moat,
          gammafunk_temple_overflow_wave, serial_shops, nicolae_shop_stone,
          nicolae_shop_stone
D:7:      layout_basic, okawaru_humans, lemuel_round_altar, serial_undead,
          serial_undead_a, serial_undead_d, serial_undead_c, serial_undead_f,
          grunt_ministairs_11, uniq_pikel
D:8:      layout_rooms, nicolae_overflow_crystal_walls, basic_altar
D:9:      layout_basic, lemuel_crystal_altar, lemuel_coloured_pillars_altar
D:10:     gammafunk_sealed_arena, layout_gridville, dpeg_oklobed_lair,
          serial_shops, shop, grunt_livestock
D:11:     layout_long_grid, hiddenorc1_lemuel, serial_shops, shop, pond
D:12:     layout_roguey, minmay_nine_imps, uniq_jorgrun
Temple:   compressed_dpeg_triangle_lava_temple
Lair:1:   layout_gridlike, gammafunk_ghost_hydra_chop, beast_lair_carwin_10
Lair:2:   layout_regular_city, swamp_mist_pool, grunt_megastairs_2,
          infiniplex_staircase_pool
Lair:3:   layout_loops_ring, lemuel_fruit_fields, grunt_megastairs_1
Lair:4:   onia_ninara_swampy_vault, layout_loops_ring, dummy_snake_entry,
          st_stairs_10, uniq_nergalle
Lair:5:   layout_regular_city, dpeg_slime_entry_enclosed_altar
Lair:6:   due_jungle_book, layout_regular_city
Swamp:1:  layout_basic_swamp, hangedman_swamp_lotus
Snake:1:  layout_concentric_octagons, minmay_shop_grove, serial_bayou_shore_b
Snake:2:  layout_misc_corridors
Snake:3:  nicolae_sea_snake_s, layout_grid_maze, special_room,
          serial_bayou_shore_b, minmay_shoptagon
Snake:4:  grunt_snake_rune_pools, layout_cave_town, serial_shops,
          nicolae_shop_overgrown_old_shop, uniq_saint_roka
Orc:1:    layout_caves, led_sif_book, uniq_fannar
Orc:2:    st_orc_congregation, layout_diamond_mine, guppyfry_library_mini
Elf:1:    layout_gridlike, gammafunk_ghost_grave, kennysheep_underground_church,
          sword_in_stone, uniq_agnes, uniq_frances, uniq_nikola
Elf:2:    layout_geoelf_diagonals, serial_glass, glass_columns_a,
          glass_columns_b, minmay_misc_feat_rows, item_on_display_a
Elf:3:    minmay_elf_hall_x, layout_rooms, serial_shops,
          nicolae_shop_behind_doors, special_room [special_room_mythical_zoo]

Skill      XL: |  1  2  3  4  5  6  7  8  9 10 11 12 13 14 15 16 17 18 |
---------------+-------------------------------------------------------+-----
Fighting       | 4 5 7 8 10 12 13 14 15 16 17 19 21 23 | 23.1
Shields        | 4 5 7 8 10 12 | 12.0
Maces & Flails | 3 5 7 8 9 10 11 14 16 | 16.0
Armour         | 4 6 7 8 10 12 14 | 14.0
Invocations    | 4 6 7 9 10 | 10.0

Action                   |  1- 3 |  4- 6 |  7- 9 | 10-12 | 13-15 | 16-18 || total
-------------------------+-------+-------+-------+-------+-------+-------++-------
Melee: Flail             |   120 |    71 |   197 |       |       |       ||   388
       Quarterstaff      |       |   101 |       |       |       |       ||   101
       Whip              |       |    93 |   195 |   914 |  1135 |   177 ||  2514
       Morningstar       |       |       |       |       |   730 |   484 ||  1214
       Demon whip        |       |       |       |       |       |   827 ||   827
Invok: Heroism           |       |       |       |     1 |     9 |     7 ||    17
       Finesse           |       |       |       |       |     3 |     6 ||     9
 Abil: Stop Flying       |       |       |       |     1 |     3 |     1 ||     5
       Fly               |       |       |       |       |     3 |     1 ||     4
  Use: Scroll            |       |       |     7 |    16 |     8 |    10 ||    41
       Potion            |       |       |       |     5 |     3 |     7 ||    15
  Eat: Chunk             |     1 |     7 |    10 |    16 |    27 |    18 ||    79
       Ration            |       |       |     1 |     1 |     6 |     5 ||    13
Armor: Scale mail        |    72 |   186 |    40 |       |       |       ||   298
       Plate armour      |       |       |   203 |   432 |   833 |   563 ||  2031
Dodge: Dodged            |    47 |   137 |    44 |    55 |   166 |   114 ||   563
Block: Kite shield       |    66 |   111 |   152 |       |       |       ||   329
       Reflection        |       |       |     7 |    21 |    38 |   174 ||   240
       Tower shield      |       |       |   157 |   813 |  1839 |  1492 ||  4301
       Other             |       |       |       |       |     7 |       ||     7

Table legend:
 A = Non-vault XP
 B = Vault XP
 C = Vault XP percentage of total XP
 D = Non-vault monster count
 E = Vault monster count
 F = Vault count percentage of total count
                 A         B        C        D         E       F
            +---------+---------+-------+---------+---------+-------
      Total |  167815 |  126217 |  42.9 |     638 |     284 |  30.8
            +---------+---------+-------+---------+---------+-------
        D:1 |      43 |       0 |   0.0 |      24 |       0 |   0.0
        D:2 |      92 |       6 |   6.1 |      31 |       3 |   8.8
        D:3 |     206 |       0 |   0.0 |      23 |       0 |   0.0
        D:4 |     494 |     166 |  25.2 |      27 |       1 |   3.6
        D:5 |     491 |       0 |   0.0 |      16 |       0 |   0.0
        D:6 |     582 |       0 |   0.0 |      23 |       0 |   0.0
        D:7 |     626 |    1392 |  69.0 |      15 |      12 |  44.4
        D:8 |    1941 |       0 |   0.0 |      22 |       0 |   0.0
        D:9 |    2122 |       0 |   0.0 |      10 |       0 |   0.0
       D:10 |    1124 |     978 |  46.5 |      15 |       5 |  25.0
       D:11 |    3299 |     697 |  17.4 |      26 |      20 |  43.5
       D:12 |    7744 |    3519 |  31.2 |      35 |      10 |  22.2
     Lair:1 |    6956 |    1103 |  13.7 |      26 |       8 |  23.5
     Lair:2 |    7966 |     418 |   5.0 |      23 |       1 |   4.2
     Lair:3 |    5818 |     291 |   4.8 |      22 |       2 |   8.3
     Lair:4 |    4865 |    6366 |  56.7 |      15 |      13 |  46.4
     Lair:5 |    8024 |       0 |   0.0 |      27 |       0 |   0.0
     Lair:6 |    9726 |    2902 |  23.0 |      23 |       5 |  17.9
    Swamp:1 |    9514 |       0 |   0.0 |      18 |       0 |   0.0
    Snake:1 |   20457 |       0 |   0.0 |      40 |       0 |   0.0
    Snake:2 |   16401 |       0 |   0.0 |      34 |       0 |   0.0
    Snake:3 |   12535 |    8020 |  39.0 |      24 |      18 |  42.9
    Snake:4 |   10968 |   40915 |  78.9 |      25 |      59 |  70.2
      Orc:1 |    1735 |    1114 |  39.1 |      17 |       3 |  15.0
      Orc:2 |    2672 |   12156 |  82.0 |      21 |      78 |  78.8
      Elf:1 |   10672 |   15212 |  58.8 |      19 |      13 |  40.6
      Elf:2 |    8117 |   21736 |  72.8 |      17 |      28 |  62.2
      Elf:3 |   12625 |    9226 |  42.2 |      20 |       5 |  20.0
            +---------+---------+-------+---------+---------+-------
